 Dungeon Crawl Stone Soup version 0.30-a0-1066-g63dfefce0d (webtiles) character file.

Game seed: 4418762638015278672

56 Smoke131 the Trooper (level 3, -5/39 HPs)
             Began as an Ogre Gladiator on Apr 12, 2023.
             Slain by a gnoll
             ... wielding a +0 club
              (6 damage)
             ... on level 2 of the Dungeon.
             The game lasted 00:02:11 (1009 turns).

Smoke131 the Trooper (Ogre Gladiator)               Turns: 1009, Time: 00:02:12

Health: -5/39      AC:  4    Str: 20    XL:     3   Next: 97%
Magic:  3/3        EV: 10    Int:  9    God:
Gold:   16         SH:  0    Dex: 10    Spells: 2/2 levels left

rFire   . . .      SeeInvis .    a - +0 trident
rCold   . . .      Faith    .    (no shield)
rNeg    . . .      Spirit   .    b - +0 robe
rPois   .          Reflect  .    c - +0 hat
rElec   .          Rampage  .    h - +0 cloak
rCorr   .                        (gloves unavailable)
Will    .....                    (boots unavailable)
Stlth   +                        (no amulet)
HPRegen 0.26/turn                (no ring)
MPRegen 0.08/turn                (no ring)

@: no status effects
A: large, unfitting armour, tough skin 1
a: no special abilities


You were on level 2 of the Dungeon.
You visited 1 branch of the dungeon, and saw 2 of its levels.

You collected 16 gold pieces.

Inventory:

Hand Weapons
 a - a +0 trident (weapon)
Missiles
 d - 3 throwing nets
 e - a large rock (quivered)
 m - 4 boomerangs
Armour
 b - a +0 robe (worn)
 c - a +0 hat (worn)
 h - a +0 cloak (worn)
Scrolls
 k - 2 scrolls of enchant weapon {unknown}
Potions
 f - 2 potions of haste {unknown}
 g - 3 potions of mutation {unknown}
 i - 2 potions of degeneration {unknown}
 j - a potion of might {unknown}
 l - a potion of brilliance {unknown}
 n - a potion of heal wounds {unknown}


   Skills:
 + Level 3.6 Fighting
 + Level 3.5 Polearms
 + Level 2.7 Throwing
 - Level 3.0 Dodging


You had 2 spell levels left.
You didn't know any spells.
Your spell library contained the following spells:

 Spells                   Type           Power      Damage    Failure   Level
 Sandblast                Erth           0%         2d4       38%         1
 Passwall                 Tmut/Erth      0%         N/A       52%         2
 Stone Arrow              Conj/Erth      0%         3d7       77%         3


Dungeon Overview and Level Annotations

Branches:
Dungeon (2/15)

Altars:

Shops:
D:1 !


Innate Abilities, Weirdness & Mutations

You are too large for most types of armour.
You have tough skin. (AC +1)


Message History

The gnoll barely misses you.
You puncture the gnoll!
You kill the gnoll!
You hit the gnoll.
The gnoll is heavily wounded.
The gnoll closely misses you. The gnoll hits you with a +0 whip.
You barely miss the gnoll.
The gnoll is heavily wounded.
The gnoll hits you from afar with a +0 spear!
The gnoll hits you but does no damage.
You puncture the gnoll!
You kill the gnoll!
The gnoll hits you from afar with a +0 spear.
The gnoll hits you with a +0 spear.
Items here: ( )) ††.
You puncture the gnoll!
The gnoll is heavily wounded.
The gnoll hits you with a +0 club. The gnoll completely misses you.
The gnoll barely misses you. The gnoll hits you with a +0 club.
* * * LOW HITPOINT WARNING * * *
The gnoll attacks as you move away! The gnoll hits you with a +0 club.
* * * LOW HITPOINT WARNING * * *
The gnoll barely misses you.
You completely miss the gnoll.
The gnoll is heavily wounded.
The gnoll hits you with a +0 club.
* * * LOW HITPOINT WARNING * * *
The gnoll barely misses you.
You hit the gnoll.
The gnoll is severely wounded.
A rat comes into view.
The gnoll closely misses you.
The gnoll hits you from afar with a +0 spear.
* * * LOW HITPOINT WARNING * * *
You hit the gnoll but do no damage.
The gnoll is severely wounded.
The gnoll hits you from afar with a +0 spear.
* * * LOW HITPOINT WARNING * * *
The gnoll hits you with a +0 club.
You die...

.# .# .# #
##.##.##.
#....?..
#.######..##.#.#
#.g.g.g.......#
########g.##.##
#...@g..#
#.####..# #.#
#..#
####.####..# #
#.............
#.##.####..##
#.##.......#
#.##..###.##
#.##..# #.#


You could see 2 gnolls.

Vanquished Creatures
  3 gnolls
  An adder (D:2)
  2 bats (D:1)
  An endoplasm (D:2)
  A giant cockroach (D:1)
  A hobgoblin (D:1)
  2 quokkas (D:1)
  A ball python (D:1)
  2 frilled lizards (D:1)
  2 goblins (D:1)
  3 kobolds
19 creatures vanquished.

Notes
Turn   | Place    | Note
-------+----------+-------------------------------------------
     0 | D:1      | Smoke131 the Ogre Gladiator began the quest for the Orb.
     0 | D:1      | Reached XP level 1. HP: 22/22 MP: 1/1
   270 | D:1      | Found Hoampicki's Distillery.
   275 | D:1      | Reached XP level 2. HP: 29/29 MP: 2/2
   462 | D:1      | Reached XP level 3. HP: 34/37 MP: 3/3
   588 | D:1      | Found a faded altar of an unknown god.
  1009 | D:2      | HP: 1/39 [gnoll/+0 spear (5)]
  1009 | D:2      | Slain by a gnoll

Illustrated notes

Levels and vault maps discovered:
D:1:      dpeg_arrival_pits, layout_basic, ebering_ecumenical_altar_box,
          serial_shops, shop
D:2:      layout_loops_ring, kennysheep_generic_room_12

Skill      XL: |  1  2 |
---------------+-------+-----
Fighting       | 3 |  3.6
Dodging        | 3 |  3.0
Polearms       | |  3.5
Throwing       | |  2.7

Action                     || total
---------------------------++-------
  Melee: Trident           ||    67
  Throw: Large rock        ||     1
 Armour: Robe              ||    20
  Dodge: Dodged            ||    43

Table legend: (Time is in decaauts)
 A = Elapsed time spent in this place.
 B = Non-inter-level travel time spent in this place.
 C = Inter-level travel time spent in this place.
 D = Time resting spent in this place.
 E = Time spent auto-exploring this place.
 F = Levels seen in this place.
 G = Mean time per level.
                   A        B        C        D        E       F      G
               +--------+--------+--------+--------+--------+-----+--------+
         Total |   1019 |   1019 |      0 |      0 |    813 |   2 |  509.5 |
       Dungeon |   1019 |   1019 |      0 |      0 |    813 |   2 |  509.5 |
               +--------+--------+--------+--------+--------+-----+--------+

Top non-repeatable levels by time:
     D:1: 945 daAuts
     D:2: 74 daAuts
